Map: Goldenaura LE

Players

Andrey - Winner!

  • Race: Terran Terran
  • League: Platinum
  • Spawn Location: 5:00

ManlyManMeat

  • Race: Zerg Zerg
  • Spawn Location: 12:00

VOD

Have the link to the VOD?

Description

Time

  • Played on: Sept. 10, 2024, 7:48 a.m.
  • Length: 18:09
Show
View Real Time Build Order
Export as new Build Order

Andrey Terran - Winner!

Build Orders: Gas First Reaper Expand, Mech 

Get SALT Encoding   

  12  0:08  SCV  
  13  0:18  Supply Depot  
  13  0:20  SCV  
  14  0:28  Refinery  
  14  0:32  SCV  
  15  0:44  SCV  
  15  0:47  Barracks  
  16  0:56  SCV  
  17  1:08  SCV  
  18  1:20  SCV  
  19  1:40  Reaper  
  19  1:43  Command Center  
  20  1:49  Orbital Command  
  20  1:56  Supply Depot  
  20  2:05  Refinery  
  20  2:12  Marine  
  21  2:17  SCV  
  22  2:26  Factory  
  22  2:29  SCV  
  23  2:30  Marine  
  24  2:41  SCV  
  24  3:37  Orbital Command, Command Center  
  24  3:42  SCV  
  24  3:44  Factory Reactor  
  24  3:46  Starport  
  24  3:47  Marine  
  26  3:54  SCV  
  27  4:05  Marine, SCV  
  27  4:06  SCV  
  27  4:07  Supply Depot  
  30  4:14  Supply Depot  
  30  4:17  SCV  
  30  4:18  SCV  
  30  4:22  Marine  
  33  4:29  SCV  
  33  4:30  SCV  
  34  4:34  Hellion x2  
  38  4:38  Starport  
  38  4:41  SCV  
  38  4:42  SCV, Factory  
  40  4:49  Factory  
  40  4:51  SCV  
  41  4:53  SCV  
  42  5:04  Hellion x2  
  46  5:09  Liberator  
  46  5:11  SCV  
  51  5:14  SCV  
  51  5:20  SCV  
  52  5:23  SCV  
  52  5:26  SCV  
  54  5:32  SCV  
  55  5:37  Supply Depot, SCV  
  55  5:38  Supply Depot, SCV  
  55  5:42  Refinery  
  57  5:43  Refinery  
  57  5:44  SCV  
  57  5:46  Factory Tech Lab x2  
  57  5:49  SCV  
  59  5:50  SCV  
  59  5:56  SCV  
  60  5:58  Supply Depot  
  60  6:00  Supply Depot  
  61  6:04  SCV x2  
  61  6:07  Siege Tank  
  61  6:08  Siege Tank, SCV  
  73  6:11  Widow Mine x2  
  71  6:48  Command Center  
  71  7:07  Orbital Command  
  71  7:09  SCV x2  
  73  7:20  Siege Tank x2  
  73  7:21  SCV x2  
  81  7:23  Widow Mine x2  
  81  7:25  Factory  
  81  7:29  Factory  
  85  7:31  Factory  
  85  7:33  SCV x2  
  85  7:36  Factory x3  
  85  7:45  SCV  
  85  7:46  SCV  
  71  8:15  Supply Depot  
  71  8:17  Supply Depot  
  71  8:20  SCV x3  
  71  8:32  SCV x3  
  74  8:42  Factory Tech Lab  
  74  8:44  SCV x3, Liberator x2, Command Center  
  74  8:47  Widow Mine  
  74  8:48  Widow Mine x7  
  99  8:56  SCV x2  
  99  8:58  Armory  
  95  9:04  Armory  
  95  9:09  Widow Mine x3  
  90  10:06  SCV x4  
  94  10:15  Engineering Bay  
  94  10:16  Engineering Bay, Factory Tech Lab x5  
  94  10:18  SCV x4  
  98  10:30  SCV x4  
  98  10:31  Orbital Command  
  102  10:42  SCV x3  
  105  10:46  SCV  
  106  10:54  SCV x3, Refinery  
  106  10:55  Refinery  
  109  10:57  Supply Depot  
  109  10:58  SCV  
  109  11:00  Supply Depot  
  109  11:01  Supply Depot  
  109  11:02  Supply Depot x2  
  109  11:03  Hellion x5  
  109  11:04  Hellion  
  122  11:05  Supply Depot  
  122  11:06  Infernal Pre-Igniter, SCV  
  122  11:11  Terran Vehicle Weapons Level 1  
  123  11:13  Terran Vehicle And Ship Armor Level 1  
  123  11:19  Hellion x3, SCV x2  
  123  11:21  SCV x3  
  123  11:24  Neosteel Armor, Hellion x2  
  123  11:25  Hellion, Hi-Sec Auto Tracking  
  140  11:26  Orbital Command  
  140  11:31  SCV  
  141  11:35  Viking  
  132  11:59  Widow Mine x5  
  132  12:00  Widow Mine x4  
  146  12:20  Widow Mine x2  
  146  12:21  Widow Mine x3  
  136  12:36  Hellion x4  
  142  12:42  Hellion x4  
  150  12:52  Drilling Claws  
  150  13:15  SCV x4  
  150  13:16  SCV  
  145  13:27  SCV x3  
  145  13:28  SCV x2  
  123  13:48  Hellion x5  
  133  13:49  Hellion x4  
  141  14:00  Command Center  
  141  14:01  Command Center  
  141  14:09  Hellion x2  
  147  14:10  Hellion  
  147  14:20  Widow Mine x4  
  155  14:35  Refinery  
  152  14:39  Refinery, Command Center  
  111  15:49  Planetary Fortress  
  111  15:50  Orbital Command  
  109  15:57  Refinery  
  109  16:10  Command Center  
  109  16:39  Hellion  
  117  16:40  Hellion x6  
  117  16:41  Hellion x2  
  117  16:44  Orbital Command  
  125  17:01  Hellion x6  
  135  17:02  Hellion x2  
  136  17:19  Supply Depot  
  136  17:20  Supply Depot  
  136  17:21  Supply Depot  
Show
View Real Time Build Order
Export as new Build Order

ManlyManMeat Zerg 

Build Orders: Hatch First 

Get SALT Encoding   

  12  0:00  Drone  
  13  0:13  Overlord  
  13  0:39  Hatchery  
  13  0:42  Drone  
  13  0:47  Drone  
  14  1:05  Spawning Pool  
  14  1:10  Extractor  
  14  1:11  Drone  
  13  1:16  Drone  
  14  1:20  Drone  
  15  1:28  Drone  
  16  1:34  Drone  
  17  1:43  Drone  
  18  1:54  Queen  
  18  1:59  Queen  
  22  2:06  Drone  
  22  2:07  Drone  
  24  2:14  Overlord  
  24  2:26  Drone x2  
  24  2:27  Drone  
  27  2:45  Overlord x2  
  27  2:46  Drone  
  27  2:47  Drone x2  
  30  2:52  Metabolic Boost  
  30  2:56  Zergling x2  
  31  3:12  Drone x3  
  32  3:28  Drone x6  
  32  3:31  Zergling x2  
  39  3:40  Extractor  
  38  3:42  Drone x2  
  38  3:48  Zergling x6  
  43  4:05  Drone  
  43  4:08  Extractor  
  43  4:09  Extractor  
  42  4:11  Hatchery  
  41  4:32  Baneling Nest  
  40  4:38  Drone x2  
  40  4:39  Drone x2  
  40  4:40  Overlord  
  40  4:41  Overlord x2  
  40  4:42  Evolution Chamber  
  43  4:51  Drone  
  44  5:08  Zerg Melee Weapons Level 1  
  44  5:12  Zergling x10  
  49  5:24  Baneling x5  
  49  5:30  Drone x4  
  49  5:31  Drone  
  54  5:37  Drone x5  
  56  5:54  Drone x4  
  56  5:56  Queen  
  60  6:10  Zergling x16  
  68  6:19  Lair  
  68  6:24  Zergling x10  
  68  6:41  Zergling x12  
  68  6:43  Overlord  
  68  6:44  Overlord x2  
  74  7:02  Zerg Ground Armor Level 1  
  74  7:03  Baneling x3  
  74  7:04  Baneling x7  
  74  7:05  Baneling x4  
  74  7:18  Drone x11  
  85  7:37  Centrifugal Hooks  
  64  8:00  Queen  
  59  8:10  Zergling x26  
  72  8:18  Queen  
  74  8:21  Queen  
  76  8:34  Zergling x2  
  76  8:35  Zergling x10  
  82  8:55  Zergling x12  
  88  8:56  Zerg Melee Weapons Level 2  
  76  9:27  Overlord  
  76  9:28  Queen  
  76  9:30  Overlord x2, Drone  
  76  9:31  Overlord x2  
  79  9:32  Overlord  
  79  9:35  Drone x5  
  84  9:40  Extractor  
  84  9:42  Extractor  
  82  9:56  Zergling x2  
  82  9:57  Zergling x24  
  95  10:04  Hatchery  
  94  10:09  Hatchery  
  93  10:20  Zergling x12  
  99  10:31  Drone x3  
  99  10:33  Drone  
  99  10:35  Overlord  
  103  10:51  Zergling x18  
  103  10:53  Baneling x13  
  112  11:01  Zergling x6  
  112  11:03  Baneling x6  
  112  11:04  Baneling  
  115  11:12  Zerg Ground Armor Level 2  
  115  11:28  Zergling x2  
  115  11:29  Zergling x18  
  125  11:34  Overlord x2  
  125  11:35  Drone  
  91  12:01  Zergling x2  
  91  12:02  Zergling x40  
  109  12:15  Hatchery  
  75  12:45  Zergling x56  
  103  13:11  Baneling x10  
  87  13:40  Zergling x46  
  82  13:52  Zergling x2  
  82  13:53  Zergling x10  
  86  14:18  Baneling x8  
  86  14:19  Baneling x12  
  86  14:40  Drone x6  
  86  14:41  Drone  
  56  15:00  Zergling x8  
  55  15:23  Baneling x8  
  48  15:58  Zergling x2  
  48  15:59  Zergling x22  
  60  16:14  Hatchery  
  58  16:42  Baneling x7  
  50  17:15  Hatchery  
  46  17:26  Drone x21  
  67  17:41  Zergling x6  
  67  17:42  Zergling x10  
Tags
 
Composition
Mech
League
Platinum
Matchup
TvZ
Replay Pack
ee
Spawn Locations
Cross Positions
Add a new tag
Caveats
  • Supply blocks, unpowered buildings, or Contaminate may cause inaccurate times.
  • Supply counts are checked every 10 seconds.